 Dungeon Crawl Stone Soup version 0.17.0-28-g6e173f8 (webtiles) character file.

62 Medar the Ruffian (level 3, -2/33 HPs)
             Began as a Troll Gladiator on Nov 22, 2015.
             Was an Initiate of Cheibriados.
             Killed from afar by an orc wizard (25 damage)
             ... with a wand of cold
             ... on level 3 of the Dungeon.
             The game lasted 00:02:00 (1700 turns).

Medar the Ruffian (Troll Gladiator)                 Turns: 1700, Time: 00:02:01

Health: -2/33      AC:  5    Str: 25    XL:     3   Next: 85%
Magic:  2/2        EV: 10    Int:  5    God:    Cheibriados [......]
Gold:   118        SH:  0    Dex: 14    Spells: 0 memorised, 2 levels left

rFire  . . .     SeeInvis .       - Unarmed
rCold  . . .     Clarity  .     a - +0 robe
rNeg   . . .     SustAt   .     (no shield)
rPois  .         Gourm    +     b - +0 hat
rElec  .         Spirit   .     (no cloak)
rCorr  .         Warding  .     (gloves unavailable)
rMut   .         Stasis   .     (boots unavailable)
MR     .....                    (no amulet)
Stlth  ..........               t - ring of loudness (curse)
                                g - +3 ring of dexterity

@: very slow, not resistant to hostile enchantments, extremely unstealthy
A: unfitting armour, claws 3, fast metabolism 3, gourmand, regeneration 2,
shaggy fur 1, tough skin 2
a: Bend Time, Renounce Religion


You were on level 3 of the Dungeon.
You worshipped Cheibriados.
Cheibriados was noncommittal.
You were completely stuffed.

You visited 1 branch of the dungeon, and saw 3 of its levels.

You collected 118 gold pieces.

Inventory:

Missiles
 c - 3 throwing nets {=f =F}
 j - 19 poisoned needles
Armour
 a - a +0 robe (worn)
 b - a +0 hat (worn)
Jewellery
 g - a +3 ring of dexterity (left claw)
 o - an uncursed ring of protection from fire {unknown}
 t - a cursed ring of loudness (right claw)
Wands
 r - a wand of slowing (8)
Scrolls
 h - a scroll of amnesia {unknown}
Potions
 e - a potion of curing {@q1}
 l - a potion of resistance {unknown}
 p - a potion of heal wounds {unknown}
 q - a potion of lignification
Comestibles
 d - 4 bread rations {@e1}
 f - 6 fruits {@e3}
 i - a beef jerky
 k - a meat ration {@e2}
 s - 6 chunks of flesh


   Skills:
 - Level 1.5 Fighting
 - Level 1.7 Throwing
 - Level 2.4 Dodging
 + Level 4.8 Unarmed Combat


You had 2 spell levels left.
You didn't know any spells.

Dungeon Overview and Level Annotations

Branches:
Dungeon (3/15)

Altars:
Cheibriados


Innate Abilities, Weirdness & Mutations

You are too large for most types of armour.
You have claws for hands.
Your metabolism is lightning-fast.
You like to eat raw meat.
You heal very quickly.
You are covered in fur (AC +1).
You have very tough skin (AC +2).


Message History

You now have 118 gold pieces (gained 20).
An orc comes into view.
An orc is nearby!
An orc is nearby!
An orc is nearby!
The orc shouts!
The orc hits you.
You claw the orc!
You kill the orc!
Cheibriados appreciates the change of pace.
No target in view!
Found a scroll labeled IWIL SOLEAL.
An orc wizard comes into view. It is wielding a dagger.
An orc wizard is nearby!
An orc wizard is nearby!
An orc wizard is nearby!
The orc wizard zaps a wand.
The bolt of cold hits you!
It is a wand of cold.
The orc wizard zaps a wand.
The bolt of cold hits you!
Ouch! That really hurt!
You die...

,* *,,,,*****,,*,,,,* *,*
,********,......##,,*,,,,* *,*
,,,,,,,,+,,......#,,****** *,*
,,,,,,,**,,,....?#..# *,*
,,,,,,,**,,,,....#..##********,*
,,,,,,,**,,,,,...#...,,,,,,,,,,*
************,,,o.#..#***********
****#o#..# #@#..# #.#..# #....#
###...######## #............#
#............# #............#
#............# #.......######


You could see an orc wizard and an orc (wandering).

Vanquished Creatures
  A gnoll (D:2)
  An ooze (D:2)
  A giant gecko (D:2)
  2 orcs
  2 giant cockroaches (D:1)
  8 hobgoblins
  8 kobolds
  2 quokkas (D:2)
  3 bats
  3 giant newts
  9 goblins
  2 rats
42 creatures vanquished.

Notes
Turn   | Place    | Note
--------------------------------------------------------------
     0 | D:1      | Medar the Troll Gladiator began the quest for the Orb.
     0 | D:1      | Reached XP level 1. HP: 19/19 MP: 0/0
   241 | D:1      | Reached XP level 2. HP: 27/27 MP: 1/1
  1051 | D:2      | Reached skill level 4 in Unarmed Combat
  1113 | D:2      | Reached XP level 3. HP: 33/33 MP: 2/2
  1167 | D:2      | Found a snail-covered altar of Cheibriados.
  1185 | D:2      | Became a worshipper of Cheibriados the Contemplative
  1700 | D:3      | Killed from afar by an orc wizard

Action                   || total
-------------------------++-------
Melee: Unarmed           ||    85
  Use: Scroll            ||     5
 Stab: Sleeping          ||     3
  Eat: Chunk             ||    22
